Map: Sequencer LE

Players

Neeb

  • Race: Protoss Protoss
  • Spawn Location: 7:00

Serral - Winner!

  • Race: Zerg Zerg
  • Spawn Location: 1:00

Event: WCS Jonkoping 2017

VOD

Have the link to the VOD?

Description

Time

  • Played on: June 19, 2017, 2:41 p.m.
  • Length: 15:11

All games in this series

Show
View Real Time Build Order
Export as new Build Order

Neeb Protoss 

Build Orders: 1 Gate Expand, Oracle Opening, Phoenix Opening 

Get SALT Encoding   

  12  0:01  Probe (Chrono Boost)  
  13  0:11  Probe (Chrono Boost)  
  14  0:18  Pylon  
  14  0:22  Probe (Chrono Boost)  
  15  0:36  Probe (Chrono Boost)  
  15  0:40  Gateway  
  16  0:47  Probe (Chrono Boost)  
  16  0:48  Assimilator  
  17  0:57  Probe (Chrono Boost)  
  18  1:08  Probe (Chrono Boost)  
  19  1:20  Nexus  
  19  1:23  Probe (Chrono Boost)  
  20  1:33  Cybernetics Core  
  20  1:36  Probe (Chrono Boost)  
  21  1:43  Assimilator  
  21  1:47  Probe (Chrono Boost)  
  22  1:51  Pylon  
  22  1:57  Probe (Chrono Boost)  
  23  2:09  Probe (Chrono Boost), Adept (Chrono Boost)  
  23  2:10  Warp Gate  
  26  2:21  Probe  
  27  2:32  Stargate  
  27  2:33  Probe x2  
  29  2:38  Adept (Chrono Boost)  
  31  2:44  Probe  
  31  2:45  Probe  
  33  2:55  Probe (Chrono Boost)  
  33  2:57  Probe (Chrono Boost)  
  35  3:07  Probe (Chrono Boost), Gateway  
  35  3:08  Probe (Chrono Boost), Gateway  
  37  3:15  Oracle (Chrono Boost)  
  37  3:16  Probe (Chrono Boost)  
  37  3:19  Probe  
  42  3:25  Pylon, Adept  
  42  3:26  Probe  
  44  3:31  Probe  
  44  3:33  Pylon  
  46  3:41  Probe  
  46  3:43  Probe  
  46  3:44  Assimilator  
  46  3:47  Phoenix (Chrono Boost)  
  50  3:52  Probe  
  50  3:53  Twilight Council  
  51  3:56  Probe  
  52  4:04  Probe  
  53  4:10  Probe  
  53  4:16  Nexus  
  54  4:17  Nexus  
  54  4:23  Adept x2  
  58  4:24  Adept  
  58  4:27  Mothership Core  
  62  4:34  Resonating Glaives (Chrono Boost)  
  62  4:37  Pylon  
  62  4:39  Pylon  
  62  4:53  Probe  
  62  4:54  Probe  
  62  4:55  Adept x3  
  67  5:06  Probe  
  67  5:07  Probe  
  66  5:18  Probe  
  66  5:19  Probe  
  66  5:20  Adept x3  
  68  5:27  Probe  
  68  5:30  Probe, Assimilator  
  68  5:31  Probe  
  71  5:38  Probe  
  71  5:41  Robotics Facility  
  71  5:42  Adept x3  
  78  5:44  Probe x2  
  78  5:48  Probe  
  80  5:56  Pylon, Probe x2  
  83  5:59  Probe  
  83  6:03  Pylon, Adept  
  86  6:04  Sentry x2  
  86  6:08  Probe x2  
  86  6:09  Probe  
  91  6:20  Probe  
  91  6:23  Adept  
  92  6:30  Adept x2  
  91  6:34  Probe x3  
  92  6:46  Probe x2  
  89  6:49  Probe  
  78  6:55  Warp Prism (Chrono Boost)  
  78  6:58  Probe  
  78  6:59  Probe  
  82  7:01  Probe  
  82  7:03  Pylon  
  82  7:05  Sentry, Assimilator  
  82  7:06  Forge  
  82  7:08  Pylon  
  85  7:10  Assimilator  
  85  7:11  Probe, Pylon, Adept x2  
  85  7:12  Probe  
  85  7:15  Probe  
  92  7:18  Gateway  
  90  7:25  Probe  
  90  7:27  Probe  
  90  7:28  Probe  
  90  7:29  Immortal (Chrono Boost)  
  91  7:35  Adept x3  
  91  7:36  Charge  
  101  7:37  Probe  
  101  7:40  Probe  
  101  7:41  Probe  
  104  7:47  Protoss Ground Weapons Level 1 (Chrono Boost)  
  104  7:49  Probe  
  105  8:00  Gateway, Immortal  
  105  8:01  Gateway  
  105  8:04  Gateway  
  109  8:12  Probe x2  
  107  8:13  Probe  
  107  8:14  Adept x2  
  107  8:16  Adept  
  112  8:24  Probe x2  
  114  8:34  Immortal  
  114  8:40  Templar Archives  
  114  8:41  Adept x2  
  120  8:46  Pylon  
  122  8:49  Pylon  
  112  8:58  Stalker x2  
  112  8:59  Nexus  
  116  9:04  Stalker  
  116  9:08  Immortal  
  118  9:10  Probe x3  
  116  9:25  Probe x3  
  116  9:27  Psionic Storm  
  119  9:31  High Templar x2  
  119  9:32  High Templar x3  
  119  9:37  Probe x2  
  131  9:40  High Templar  
  131  9:43  Immortal  
  131  9:44  Protoss Ground Weapons Level 2 (Chrono Boost)  
  133  9:46  Pylon  
  133  9:52  Adept  
  135  10:05  Adept x5  
  136  10:17  Probe, Immortal  
  136  10:18  Probe x2  
  138  10:22  High Templar  
  138  10:23  High Templar  
  138  10:27  Archon  
  146  10:29  Probe  
  145  10:36  Sentry x2  
  145  10:37  Adept  
  145  10:41  Probe x2  
  145  10:42  Probe  
  124  10:51  Immortal  
  124  10:53  Probe  
  129  10:57  Zealot x4  
  129  11:00  Photon Cannon  
  129  11:01  Pylon  
  136  11:14  Probe  
  136  11:15  Probe, Nexus  
  136  11:16  Zealot, High Templar x2  
  144  11:23  Archon  
  144  11:24  Zealot x3  
  144  11:25  Immortal  
  150  11:28  Probe x2  
  150  11:31  Probe, Pylon  
  157  11:34  Photon Cannon  
  157  11:38  Zealot  
  157  11:46  Probe  
  156  11:53  Probe  
  132  11:54  Probe  
  132  11:56  High Templar  
  132  11:57  High Templar x3  
  132  11:58  Probe, High Templar  
  132  11:59  Zealot x2, Immortal  
  132  12:01  Archon  
  147  12:05  Pylon, Probe  
  147  12:06  Archon  
  148  12:20  Assimilator  
  148  12:23  Probe x3  
  148  12:25  Probe  
  152  12:31  High Templar x2  
  152  12:33  Immortal  
  152  12:35  Probe x3  
  155  12:37  Archon  
  155  12:41  Probe  
  155  12:43  Protoss Ground Weapons Level 3 (Chrono Boost)  
  155  12:44  Photon Cannon  
  160  12:47  Probe  
  161  12:57  Fleet Beacon  
  159  13:04  Photon Cannon  
  159  13:07  Immortal  
  159  13:13  Stargate  
  159  13:17  Stargate  
  147  13:21  Probe  
  147  13:22  Probe x3  
  130  13:31  Probe  
  127  13:34  Probe x2  
  116  13:41  Mothership Core  
  116  13:45  Probe  
  123  13:51  High Templar x4  
  127  14:12  Zealot x2  
  127  14:13  Zealot  
  136  14:28  Zealot x4  
  133  14:36  Probe x2  
  135  14:43  Probe, High Templar x3  
  135  14:45  Probe  
  141  14:48  Probe  
  124  15:06  Archon  
Show
View Real Time Build Order
Export as new Build Order

Serral Zerg - Winner!

Build Orders: Hatch First 

Get SALT Encoding   

  12  0:00  Drone  
  13  0:13  Overlord  
  13  0:17  Drone  
  14  0:31  Drone x2  
  14  0:35  Drone  
  17  0:52  Hatchery  
  17  0:55  Drone  
  17  0:58  Drone  
  18  1:09  Extractor  
  17  1:13  Spawning Pool  
  17  1:17  Drone  
  17  1:19  Drone  
  18  1:29  Drone  
  19  1:40  Overlord  
  19  1:50  Drone  
  20  2:01  Queen, Zergling x2  
  20  2:04  Queen, Zergling x2  
  26  2:08  Metabolic Boost  
  26  2:12  Drone  
  26  2:15  Drone  
  29  2:22  Drone  
  29  2:26  Drone  
  30  2:38  Hatchery  
  30  2:42  Drone  
  30  2:47  Pneumatized Carapace  
  30  2:52  Overlord  
  30  2:54  Drone  
  30  2:57  Drone  
  32  2:59  Drone  
  32  3:01  Drone  
  34  3:09  Overlord  
  34  3:10  Drone  
  34  3:11  Drone  
  36  3:14  Drone  
  36  3:19  Drone x2  
  39  3:21  Drone  
  39  3:22  Drone  
  39  3:24  Drone  
  42  3:29  Overlord  
  42  3:30  Drone  
  43  3:36  Spore Crawler  
  43  3:37  Spore Crawler  
  43  3:40  Queen  
  43  3:42  Drone  
  43  3:47  Evolution Chamber  
  43  3:48  Zergling x4  
  45  3:50  Drone  
  45  3:51  Drone  
  45  3:53  Drone  
  48  3:58  Queen  
  48  3:59  Drone  
  51  4:03  Drone x2  
  51  4:07  Spore Crawler  
  51  4:08  Overlord  
  52  4:16  Drone x4  
  56  4:19  Zerg Melee Weapons Level 1  
  56  4:23  Queen  
  58  4:28  Overlord  
  58  4:29  Drone  
  58  4:30  Drone  
  60  4:32  Zergling x2  
  60  4:36  Zergling x6  
  64  4:40  Overlord  
  64  4:43  Zergling x2  
  65  4:49  Zergling x6  
  65  4:50  Zergling x4  
  65  4:52  Drone x2  
  72  4:53  Drone  
  72  4:54  Drone  
  72  4:56  Overlord  
  72  4:59  Lair  
  71  5:07  Zergling x8  
  71  5:11  Drone  
  71  5:12  Drone  
  71  5:16  Drone  
  71  5:19  Drone  
  71  5:21  Extractor  
  69  5:22  Extractor  
  69  5:23  Drone x2  
  69  5:24  Extractor  
  69  5:29  Drone x3  
  69  5:30  Drone  
  69  5:32  Hatchery  
  72  5:35  Overlord  
  72  5:36  Extractor, Zergling x2  
  72  5:40  Baneling Nest  
  72  5:42  Zergling x2  
  71  5:50  Zergling x6  
  71  5:54  Drone  
  71  5:55  Drone x6  
  81  6:00  Zergling x4  
  81  6:01  Zergling x4, Hydralisk Den  
  84  6:06  Zergling x2  
  84  6:09  Overlord  
  84  6:11  Zergling x2  
  84  6:23  Baneling x3  
  84  6:24  Baneling  
  73  6:25  Zergling x2  
  73  6:26  Zergling x10  
  73  6:32  Overlord  
  74  6:34  Zergling x8  
  74  6:35  Zergling x4  
  73  6:43  Zergling x4  
  69  6:49  Overlord  
  69  6:51  Drone x5  
  69  6:52  Queen  
  69  6:53  Drone  
  73  6:54  Zerg Melee Weapons Level 2  
  73  6:57  Centrifical Hooks, Drone  
  74  7:02  Drone  
  74  7:04  Queen  
  77  7:10  Drone  
  77  7:11  Drone x5  
  77  7:15  Muscular Augments  
  83  7:18  Overlord  
  83  7:19  Drone x2  
  82  7:25  Drone x2  
  82  7:29  Hydralisk, Overlord  
  82  7:39  Hydralisk x6  
  94  7:48  Hydralisk x3  
  94  7:49  Zergling x6  
  103  7:53  Spore Crawler x2  
  102  7:58  Drone  
  102  8:00  Zergling x6  
  102  8:03  Zergling x8  
  109  8:07  Zergling x6  
  109  8:10  Overlord  
  111  8:13  Overlord  
  111  8:15  Overlord  
  109  8:22  Zergling x6  
  109  8:24  Baneling x3  
  109  8:25  Baneling x2, Overlord  
  109  8:34  Drone x2  
  109  8:35  Hydralisk x3, Drone x4  
  109  8:38  Baneling x3  
  121  8:42  Zergling x8  
  125  8:54  Overlord  
  125  8:57  Zergling x10  
  125  8:59  Hatchery  
  129  9:07  Zergling x18  
  129  9:08  Zergling x2  
  139  9:11  Zerg Missile Weapons Level 1  
  139  9:20  Zergling x2  
  139  9:21  Zergling x8  
  139  9:23  Overlord x2  
  143  9:27  Overlord x3  
  143  9:37  Overlord  
  143  9:40  Hydralisk x2  
  143  9:41  Overlord x2  
  143  9:42  Hydralisk x4  
  143  9:43  Zergling x8  
  159  9:46  Baneling  
  159  9:47  Baneling x6  
  159  9:52  Zergling x6  
  162  9:59  Zergling x2  
  161  10:00  Zergling x12  
  165  10:09  Baneling  
  165  10:11  Baneling x3  
  165  10:12  Baneling x3  
  164  10:14  Zergling x12  
  164  10:15  Zergling x10  
  171  10:26  Baneling x10  
  171  10:27  Baneling x5  
  160  10:37  Zergling x4  
  160  10:38  Zergling x26  
  164  10:44  Hydralisk  
  164  10:45  Hydralisk x3  
  164  10:46  Zergling x2  
  169  10:56  Infestation Pit  
  169  10:57  Zergling x16  
  169  11:01  Queen  
  178  11:04  Drone x3  
  178  11:05  Drone x5  
  178  11:07  Baneling  
  178  11:08  Baneling x4  
  181  11:11  Zergling x2  
  181  11:12  Zergling x8  
  181  11:14  Baneling x7  
  185  11:19  Zergling x2  
  185  11:20  Zergling x4  
  188  11:26  Zerg Missile Weapons Level 2  
  188  11:27  Zergling x16  
  188  11:29  Overseer  
  164  11:51  Hydralisk  
  164  11:52  Hydralisk x4  
  164  11:54  Zergling x20  
  161  11:55  Zergling x4  
  161  12:01  Hive  
  172  12:03  Spire, Drone x2  
  172  12:04  Extractor  
  172  12:05  Drone  
  172  12:06  Hydralisk, Hatchery  
  172  12:07  Zergling x2  
  172  12:08  Zergling x2  
  169  12:14  Queen  
  168  12:16  Overlord  
  168  12:17  Baneling  
  168  12:18  Baneling x5  
  168  12:19  Baneling x3  
  168  12:21  Zergling x2  
  168  12:22  Zergling x6  
  172  12:31  Baneling x11  
  172  12:36  Zergling x8  
  172  12:37  Zergling x8  
  175  12:52  Hydralisk x2, Zergling x2  
  175  12:53  Hydralisk x3, Zergling x12  
  185  13:02  Zergling x4  
  185  13:03  Zergling x14  
  185  13:05  Baneling x3  
  194  13:06  Baneling x2  
  190  13:14  Zergling x2  
  190  13:15  Zergling x16  
  190  13:19  Adrenal Glands  
  182  13:25  Zergling x2  
  182  13:26  Zergling x12  
  178  13:41  Hydralisk x7  
  165  13:42  Zergling x2  
  165  13:43  Zergling x6  
  177  13:50  Baneling  
  177  13:51  Baneling x18  
  177  13:56  Zergling x2  
  177  13:57  Zergling x12  
  183  14:06  Baneling  
  183  14:07  Baneling x8  
  181  14:11  Zergling x22  
  187  14:26  Zergling x2  
  187  14:27  Zergling x24  
  197  14:34  Baneling  
  197  14:35  Baneling x9  
  174  14:54  Zergling x2  
Tags
 
Add a new tag
Caveats
  • Supply blocks, unpowered buildings, or Contaminate may cause inaccurate times.
  • Supply counts are checked every 10 seconds.